[Event "TUR-chT Superleague 2018"]
[Site "Ankara"]
[Date "2018.07.25"]
[Round "1"]
[White "Goganov, Alexey"]
[Black "Abasov, Nijat"]
[Result "1/2-1/2"]
[ECO "B33"]
[WhiteElo "2576"]
[BlackElo "2623"]
[Annotator "ChessBase"]
[PlyCount "60"]
[EventDate "2018.07.25"]
[EventType "team-tourn"]
[EventCountry "TUR"]
[SourceTitle "playchess.com"]
[Source "ChessBase"]
[SourceQuality "1"]
[TimeControl "40/5400+30:1800+30"]

1. e4 c5 2. Nf3 Nc6 3. d4 cxd4 4. Nxd4 Nf6 5. Nc3 e5 6. Ndb5 d6 7. Bg5 a6 8. Na3 b5 9. Nd5 Be7 10. Bxf6 Bxf6 11. c3 Bg5 12. Nc2 Rb8 13. a4 bxa4 14. Ncb4 Nxb4 15. cxb4 O-O 16. Rxa4 a5 17. b5 Bd7 18. Nc3 d5 19. Nxd5 Bxb5 20. Bxb5 Rxb5 21. O-O Rxb2 22. Qa1 Qb8 23. Rxa5 Qb3 24. Rc5 h6 25. Rc3 Qb5 26. Rc5 Qb3 27. Rc3 Qb5 28. Rc5 Qb3 29. Rc3 Qb5 30. Rc5 Qb3 1/2-1/2

[Event "TUR-chT Superleague 2018"]
[Site "Ankara"]
[Date "2018.07.25"]
[Round "1"]
[White "Shevchenko, Kirill"]
[Black "Uzumcu, Ahmet Utku"]
[Result "1-0"]
[ECO "A45"]
[WhiteElo "2554"]
[BlackElo "2261"]
[Annotator "ChessBase"]
[PlyCount "95"]
[EventDate "2018.07.25"]
[EventType "team-tourn"]
[EventCountry "TUR"]
[SourceTitle "playchess.com"]
[Source "ChessBase"]
[SourceQuality "1"]
[TimeControl "40/5400+30:1800+30"]

1. d4 Nf6 2. Bf4 g6 3. Nc3 d5 4. e3 Bg7 5. h4 c5 6. Nb5 Na6 7. c3 h5 8. Nf3 O-O 9. Be2 Bf5 10. Ne5 Qc8 11. f3 Nd7 12. g4 hxg4 13. Nxg4 Bxg4 14. fxg4 e5 15. dxe5 Qc6 16. e4 d4 17. cxd4 Qxe4 18. O-O Nb4 19. Nd6 Qxd4+ 20. Qxd4 cxd4 21. Bc4 Bxe5 22. Nxf7 Bxf4 23. Ne5+ Kg7 24. Nxd7 Be3+ 25. Kg2 Rf4 26. Nc5 Rxf1 27. Rxf1 Rc8 28. Rf7+ Kh8 29. Ne4 Bh6 30. Nd6 Rd8 31. Nxb7 Rf8 32. Nd6 Nc2 33. Kf3 Ne3 34. Bd3 Rxf7+ 35. Nxf7+ Kg7 36. Nxh6 Kxh6 37. g5+ Kg7 38. b4 Nd5 39. a3 Nc3 40. Kf4 Nd5+ 41. Ke5 Ne3 42. Kxd4 Ng2 43. Be4 Nxh4 44. b5 Kf7 45. a4 Ke6 46. a5 Kd6 47. b6 axb6 48. a6 1-0

[Event "TUR-chT Superleague 2018"]
[Site "Ankara"]
[Date "2018.07.25"]
[Round "1"]
[White "Sanal, Vahap"]
[Black "Yilmazyerli, Mert"]
[Result "1/2-1/2"]
[ECO "B94"]
[WhiteElo "2515"]
[BlackElo "2491"]
[Annotator "ChessBase"]
[PlyCount "157"]
[EventDate "2018.07.25"]
[EventType "team-tourn"]
[EventCountry "TUR"]
[SourceTitle "playchess.com"]
[Source "ChessBase"]
[SourceQuality "1"]
[TimeControl "40/5400+30:1800+30"]

1. e4 c5 2. Nf3 d6 3. d4 cxd4 4. Nxd4 Nf6 5. Nc3 a6 6. Bg5 Nbd7 7. Qe2 h6 8. Bh4 g6 9. O-O-O e5 10. Nb3 Be7 11. Qd2 Qc7 12. Kb1 b5 13. a3 Bb7 14. Bd3 Kf8 15. Rhf1 Kg7 16. f4 Rhf8 17. g4 Qd8 18. h3 exf4 19. Bf2 Ne5 20. Qxf4 Nfd7 21. Be2 Rc8 22. Nd5 Bh4 23. Bd4 Kh7 24. Qd2 Bxd5 25. exd5 Bf6 26. Qf4 Bg7 27. h4 Nb6 28. Qe4 Nbc4 29. h5 Qg5 30. Ka2 Rce8 31. Qf4 Qxf4 32. Rxf4 Kg8 33. Nc1 g5 34. Rf2 Nd7 35. Bxc4 bxc4 36. Bxg7 Kxg7 37. Rd4 Nb6 38. Ne2 Re5 39. Ng3 Rxd5 40. Re4 Re5 41. Nf5+ Kh7 42. Nxd6 Rxe4 43. Nxe4 Nd5 44. Nf6+ Nxf6 45. Rxf6 a5 46. a4 Kg7 47. Rf5 Re8 48. Rxa5 Re4 49. Rd5 Rxg4 50. a5 Re4 51. b4 cxb3+ 52. cxb3 g4 53. a6 Re6 54. Ra5 g3 55. Kb2 g2 56. Ra1 Rxa6 57. Rg1 Ra5 58. Rxg2+ Kf6 59. Rh2 Kg5 60. b4 Ra8 61. Kc3 f5 62. b5 f4 63. Kd4 Rb8 64. Ke4 Re8+ 65. Kf3 Re3+ 66. Kf2 Rb3 67. Rg2+ Kxh5 68. Rg7 Rxb5 69. Kf3 Rb4 70. Rg8 Kh4 71. Rg4+ Kh3 72. Rxf4 Rxf4+ 73. Kxf4 h5 74. Kf3 h4 75. Kf2 Kh2 76. Kf3 h3 77. Kf2 Kh1 78. Kf1 h2 79. Kf2 1/2-1/2

[Event "TUR-chT Superleague 2018"]
[Site "Ankara"]
[Date "2018.07.25"]
[Round "1"]
[White "Benidze, Davit"]
[Black "Ozkan, Ervin"]
[Result "1-0"]
[ECO "A11"]
[WhiteElo "2487"]
[BlackElo "2171"]
[Annotator "ChessBase"]
[PlyCount "51"]
[EventDate "2018.07.25"]
[EventType "team-tourn"]
[EventCountry "TUR"]
[SourceTitle "playchess.com"]
[Source "ChessBase"]
[SourceQuality "1"]
[TimeControl "40/5400+30:1800+30"]

1. Nf3 d5 2. g3 c6 3. Bg2 Nf6 4. O-O Bf5 5. c4 e6 6. cxd5 exd5 7. d3 Nbd7 8. Nc3 Be7 9. Re1 Bg6 10. e4 dxe4 11. dxe4 Nc5 12. Ne5 Qxd1 13. Rxd1 Bh5 14. f3 Nfd7 15. Nc4 O-O-O 16. Bf4 Nb6 17. Nd6+ Bxd6 18. Bxd6 Ne6 19. b3 Rd7 20. Rac1 Kd8 21. Bb8 Nc8 22. g4 Bg6 23. Rxd7+ Kxd7 24. Rd1+ Ke7 25. f4 f5 26. exf5 1-0

[Event "TUR-chT Superleague 2018"]
[Site "Ankara"]
[Date "2018.07.25"]
[Round "1"]
[White "Atalik, Ekaterina"]
[Black "Muzychuk, Mariya"]
[Result "1/2-1/2"]
[ECO "D78"]
[WhiteElo "2461"]
[BlackElo "2521"]
[Annotator "ChessBase"]
[PlyCount "66"]
[EventDate "2018.07.25"]
[EventType "team-tourn"]
[EventCountry "TUR"]
[SourceTitle "playchess.com"]
[Source "ChessBase"]
[SourceQuality "1"]
[TimeControl "40/5400+30:1800+30"]

1. d4 Nf6 2. Nf3 g6 3. g3 Bg7 4. Bg2 O-O 5. O-O d5 6. c4 c6 7. Qb3 Qb6 8. Nc3 Rd8 9. Rd1 Bf5 10. Ne1 Ne4 11. Be3 Nxc3 12. bxc3 dxc4 13. Qxc4 Qa6 14. Qxa6 Nxa6 15. Bf4 Rd7 16. e4 Be6 17. Nd3 Rad8 18. Rdc1 b5 19. Ne5 Bxe5 20. Bxe5 g5 21. a4 b4 22. Bf1 f6 23. Bxf6 exf6 24. Bxa6 bxc3 25. Rxc3 Rxd4 26. Rxc6 Rxe4 27. a5 Kf7 28. Rb1 Re5 29. Rc7+ Rd7 30. Rxd7+ Bxd7 31. Bc4+ Ke7 32. a6 Kd6 33. Bf1 Kd5 1/2-1/2

[Event "TUR-chT Superleague 2018"]
[Site "Ankara"]
[Date "2018.07.25"]
[Round "1"]
[White "Ivic, Velimir"]
[Black "Samani, Yamac"]
[Result "1-0"]
[ECO "C91"]
[WhiteElo "2432"]
[BlackElo "2227"]
[Annotator "NA"]
[PlyCount "89"]
[EventDate "2018.07.25"]
[EventType "team-tourn"]
[EventCountry "TUR"]
[SourceTitle "playchess.com"]
[Source "ChessBase"]
[SourceQuality "1"]
[TimeControl "40/5400+30:1800+30"]

1. e4 e5 2. Nf3 Nc6 3. Bb5 Nf6 4. d3 d6 5. O-O Be7 6. c3 O-O 7. Re1 a6 8. Ba4 b5 9. Bc2 Re8 10. Nbd2 Bf8 11. d4 exd4 12. cxd4 Bg4 13. h3 Bh5 14. g4 Nxg4 15. hxg4 Bxg4 16. Nf1 Bxf3 17. Qxf3 Nxd4 18. Qd3 Nxc2 19. Qxc2 d5 20. Bf4 Qf6 21. Bg3 Qg6 22. Qxc7 dxe4 23. Rac1 Re6 24. Red1 Rae8 25. Rd8 e3 26. fxe3 h5 27. Qd7 Rxd8 28. Qxd8 f5 29. Rc8 Rf6 30. Qd5+ Kh7 31. Kf2 Qg4 32. Be5 f4 33. Bxf6 Qxc8 34. Qxh5+ Kg8 35. Qd5+ Kh8 36. Bc3 b4 37. Qh1+ Kg8 38. Qd5+ Kh8 39. Bd4 Qc2+ 40. Kg1 fxe3 41. Qh5+ Kg8 42. Qd5+ Kh7 43. Nxe3 Qc1+ 44. Kf2 Qd2+ 45. Kf3 1-0

[Event "TUR-chT Superleague 2018"]
[Site "Ankara"]
[Date "2018.07.25"]
[Round "1"]
[White "Badelka, Olga"]
[Black "Savina, Anastasia"]
[Result "1/2-1/2"]
[ECO "B13"]
[WhiteElo "2407"]
[BlackElo "2342"]
[Annotator "NA"]
[PlyCount "61"]
[EventDate "2018.07.25"]
[EventType "team-tourn"]
[EventCountry "TUR"]
[SourceTitle "playchess.com"]
[Source "ChessBase"]
[SourceQuality "1"]
[TimeControl "40/5400+30:1800+30"]

1. d4 d5 2. Bf4 c5 3. e3 cxd4 4. exd4 Nc6 5. c3 Bf5 6. Bd3 Bxd3 7. Qxd3 e6 8. Nf3 Bd6 9. Bxd6 Qxd6 10. O-O Nge7 11. Re1 O-O 12. Nbd2 Ng6 13. Re3 Nf4 14. Qf1 f6 15. Rae1 Rae8 16. g3 Ng6 17. h4 e5 18. c4 Re7 19. dxe5 Ngxe5 20. Nxe5 Rxe5 21. cxd5 Qxd5 22. Ne4 Qxa2 23. f4 Re7 24. b3 Qa6 25. Qxa6 bxa6 26. Nxf6+ Rxf6 27. Rxe7 Nxe7 28. Rxe7 Rb6 29. Rxa7 Rxb3 30. Ra8+ Kf7 31. Ra7+ 1/2-1/2

[Event "TUR-chT Superleague 2018"]
[Site "Ankara"]
[Date "2018.07.25"]
[Round "1"]
[White "Unuk, Laura"]
[Black "Injac, Teodora"]
[Result "1/2-1/2"]
[ECO "E97"]
[WhiteElo "2355"]
[BlackElo "2302"]
[Annotator "NA"]
[PlyCount "104"]
[EventDate "2018.07.25"]
[EventType "team-tourn"]
[EventCountry "TUR"]
[SourceTitle "playchess.com"]
[Source "ChessBase"]
[SourceQuality "1"]
[TimeControl "40/5400+30:1800+30"]

1. Nf3 Nf6 2. c4 g6 3. Nc3 Bg7 4. e4 d6 5. d4 O-O 6. Be2 e5 7. O-O Nc6 8. d5 Ne7 9. b4 Nd7 10. g4 a5 11. bxa5 Nc5 12. g5 Bh3 13. Re1 f5 14. gxf6 Bxf6 15. Bh6 Qd7 16. Kh1 Bg7 17. Be3 Rxa5 18. Ng5 h6 19. Nxh3 Qxh3 20. Rg1 Ra3 21. Rg3 Qh4 22. Rg4 Qh3 23. Bf1 Qh5 24. Rc1 Rxc3 25. Rxc3 Nxe4 26. Rc1 Nxf2+ 27. Bxf2 Rxf2 28. Rg2 Qf5 29. Rxf2 Qxf2 30. Qg4 Qe3 31. Rc2 Kh7 32. Rg2 Qe1 33. Rg1 Qb1 34. Bg2 Qf5 35. Qe2 Qf6 36. Be4 Nf5 37. Qg4 h5 38. Qf3 Bh6 39. Bxf5 Qxf5 40. Qxf5 gxf5 41. Kg2 Be3 42. Rb1 b6 43. Kf3 Bd4 44. Rd1 Kg6 45. Rd2 Kf6 46. Rg2 e4+ 47. Kf4 Be5+ 48. Ke3 h4 49. h3 Bg3 50. Kd4 Be5+ 51. Ke3 Bg3 52. Kd4 Be5+ 1/2-1/2

[Event "TUR-chT Superleague 2018"]
[Site "Ankara"]
[Date "2018.07.25"]
[Round "1"]
[White "Mamedjarova, Zeinab"]
[Black "Mammadzada, Gunay"]
[Result "0-1"]
[ECO "A06"]
[WhiteElo "2345"]
[BlackElo "2426"]
[Annotator "NA"]
[PlyCount "60"]
[EventDate "2018.07.25"]
[EventType "team-tourn"]
[EventCountry "TUR"]
[SourceTitle "playchess.com"]
[Source "ChessBase"]
[SourceQuality "1"]
[TimeControl "40/5400+30:1800+30"]

1. Nf3 d5 2. b3 c5 3. Bb2 f6 4. e3 e5 5. d4 cxd4 6. exd4 e4 7. Nfd2 f5 8. c4 Nf6 9. cxd5 Nbd7 10. Nc3 Nb6 11. Bb5+ Bd7 12. Bc4 Bd6 13. Qe2 O-O 14. O-O-O Re8 15. Kb1 a6 16. f3 e3 17. Nf1 Bb4 18. g3 Bxc3 19. Bxc3 Nbxd5 20. Bb2 b5 21. Bd3 Rc8 22. h4 Qe7 23. Rh2 a5 24. Qe1 a4 25. Re2 a3 26. Ba1 f4 27. gxf4 Nxf4 28. Bc2 Nxe2 29. Qxe2 Rxc2 30. Kxc2 Rc8+ 0-1

[Event "TUR-chT Superleague 2018"]
[Site "Ankara"]
[Date "2018.07.25"]
[Round "1"]
[White "Ozturk, Kubra"]
[Black "Nechaeva, Marina"]
[Result "1/2-1/2"]
[ECO "E94"]
[WhiteElo "2330"]
[BlackElo "2410"]
[Annotator "NA"]
[PlyCount "106"]
[EventDate "2018.07.25"]
[EventType "team-tourn"]
[EventCountry "TUR"]
[SourceTitle "playchess.com"]
[Source "ChessBase"]
[SourceQuality "1"]
[TimeControl "40/5400+30:1800+30"]

1. d4 Nf6 2. Nf3 g6 3. c4 Bg7 4. Nc3 O-O 5. e4 d6 6. Be2 e5 7. O-O Nbd7 8. Be3 Re8 9. Qc2 exd4 10. Nxd4 Nc5 11. f3 a5 12. Rad1 Nfd7 13. Qd2 a4 14. Ndb5 b6 15. Bg5 Bf6 16. Bxf6 Nxf6 17. Qg5 Ne6 18. Qh4 Qe7 19. f4 Kh8 20. e5 dxe5 21. fxe5 Ng8 22. Qf2 Qg5 23. Bf3 Ra5 24. Bc6 Rf8 25. Rde1 Ne7 26. h4 Qf5 27. Be4 Qxf2+ 28. Rxf2 Bd7 29. b4 axb3 30. axb3 Kg7 31. b4 Ra6 32. Nd5 Nxd5 33. Bxd5 c6 34. Bxe6 Bxe6 35. Nc7 Ra7 36. Nxe6+ fxe6 37. Rd1 Rxf2 38. Kxf2 Ra4 39. Rd6 Rxb4 40. Rxc6 Kf7 41. Rc7+ Kf8 42. Ke3 b5 43. cxb5 Rxb5 44. Kd4 Rd5+ 45. Ke4 h6 46. Rc8+ Kf7 47. Rc7+ Kf8 48. Rc8+ Kf7 49. Rc2 Ra5 50. Rc7+ Kf8 51. Rc8+ Kf7 52. Rc7+ Kf8 53. Rc8+ Kf7 1/2-1/2

[Event "TUR-chT Superleague 2018"]
[Site "Ankara"]
[Date "2018.07.25"]
[Round "1"]
[White "Selbes, Tarik"]
[Black "Sel, Sedat"]
[Result "1-0"]
[ECO "A05"]
[WhiteElo "2330"]
[BlackElo "1689"]
[Annotator "NA"]
[PlyCount "97"]
[EventDate "2018.07.25"]
[EventType "team-tourn"]
[EventCountry "TUR"]
[SourceTitle "playchess.com"]
[Source "ChessBase"]
[SourceQuality "1"]
[TimeControl "40/5400+30:1800+30"]

1. Nf3 Nf6 2. g3 g6 3. b3 Bg7 4. Bb2 O-O 5. Bg2 c5 6. c4 Nc6 7. O-O d5 8. cxd5 Nxd5 9. Bxg7 Kxg7 10. Qc1 Qd6 11. Na3 b6 12. Nb5 Qf6 13. e4 Ndb4 14. a3 Ba6 15. axb4 Bxb5 16. bxc5 Bxf1 17. Kxf1 Rad8 18. cxb6 axb6 19. Ra4 Rd3 20. Rc4 Rxf3 21. Bxf3 Ne5 22. Be2 Nxc4 23. Qxc4 Rd8 24. d3 Qa1+ 25. Kg2 Qe1 26. d4 Ra8 27. d5 Ra2 28. Qd4+ f6 29. Bf3 Rd2 30. Qxb6 Rb2 31. Qc5 Kf7 32. d6 exd6 33. Qa7+ Ke6 34. Bg4+ f5 35. exf5+ gxf5 36. Bxf5+ Kf6 37. Bd3 Qe5 38. Qxh7 d5 39. h4 Rxb3 40. h5 Qg5 41. Bg6 Ke6 42. Qf7+ Kd6 43. Qa7 Qd8 44. Qd4 Qf8 45. f4 Qe7 46. Kh3 Qe3 47. Qxe3 Rxe3 48. h6 Re6 49. h7 1-0

[Event "TUR-chT Superleague 2018"]
[Site "Ankara"]
[Date "2018.07.25"]
[Round "1"]
[White "Ozen, Bahadir"]
[Black "Gulden, Egemen"]
[Result "1-0"]
[ECO "B51"]
[WhiteElo "2317"]
[BlackElo "2085"]
[Annotator "NA"]
[PlyCount "93"]
[EventDate "2018.07.25"]
[EventType "team-tourn"]
[EventCountry "TUR"]
[SourceTitle "playchess.com"]
[Source "ChessBase"]
[SourceQuality "1"]
[TimeControl "40/5400+30:1800+30"]

1. e4 c5 2. Nf3 d6 3. Bb5+ Nd7 4. O-O a6 5. Bxd7+ Bxd7 6. d4 cxd4 7. Qxd4 e5 8. Qd3 b5 9. Rd1 Be6 10. Nc3 Bc4 11. Qe3 Qc7 12. b3 Be6 13. Ba3 Nf6 14. Bb4 Rb8 15. Qd3 Nd7 16. Nd5 Qc6 17. a4 Bxd5 18. exd5 Qb6 19. axb5 axb5 20. Qc3 Be7 21. Qc6 Qd8 22. Bxd6 Rb6 23. Ra8 Bxd6 24. Rxd8+ Kxd8 25. Qc3 Ke7 26. Ra1 Rhb8 27. Qd3 g6 28. Ng5 h6 29. Ne4 f5 30. Nxd6 Rxd6 31. c4 bxc4 32. bxc4 Rc8 33. Ra7 Kf6 34. Qa3 Nc5 35. Qb4 Kg5 36. h4+ Kxh4 37. Ra5 Ne4 38. f3 Ng3 39. Qxd6 Rxc4 40. Qf6+ g5 41. Qxh6+ Nh5 42. Kh2 Rc2 43. Ra4+ e4 44. fxe4 g4 45. Qc6 Rf2 46. exf5 Rxf5 47. Qg6 1-0

[Event "TUR-chT Superleague 2018"]
[Site "Ankara"]
[Date "2018.07.25"]
[Round "1"]
[White "Ozenir, Ekin Baris"]
[Black "Yilmaz, Goktan"]
[Result "1/2-1/2"]
[ECO "D36"]
[WhiteElo "2300"]
[BlackElo "2233"]
[Annotator "NA"]
[PlyCount "100"]
[EventDate "2018.07.25"]
[EventType "team-tourn"]
[EventCountry "TUR"]
[SourceTitle "playchess.com"]
[Source "ChessBase"]
[SourceQuality "1"]
[TimeControl "40/5400+30:1800+30"]

1. d4 d5 2. c4 e6 3. Nc3 Nf6 4. cxd5 exd5 5. Bg5 Be7 6. e3 c6 7. Bd3 Nbd7 8. Nge2 Nh5 9. Bxe7 Qxe7 10. O-O O-O 11. Qc2 g6 12. Rae1 Ndf6 13. Nc1 Ng7 14. f3 Be6 15. Nb3 b6 16. e4 Rac8 17. Qf2 Rfd8 18. e5 Nd7 19. f4 Nb8 20. Rc1 h5 21. Nd1 Bf5 22. Be2 a5 23. Nd2 Nd7 24. Ne3 Qb4 25. Ba6 Rb8 26. Nf3 Be4 27. Rxc6 Nf8 28. Rcc1 Nfe6 29. a3 Qa4 30. Be2 Nxf4 31. Bd1 Qd7 32. Qg3 Nfe6 33. Ng5 Nxg5 34. Qxg5 Ne6 35. Qg3 Nxd4 36. Bxh5 Kg7 37. Rcd1 Nf5 38. Nxf5+ Bxf5 39. Rd4 Qe6 40. Bf3 Rbc8 41. Rfd1 Rc5 42. Qg5 Re8 43. Rxd5 Rxd5 44. Rxd5 Qc6 45. Qd2 Be6 46. Rd3 Qb5 47. Re3 Rc8 48. h3 Qa4 49. Rc3 Rxc3 50. Qxc3 Qf4 1/2-1/2

[Event "TUR-chT Superleague 2018"]
[Site "Ankara"]
[Date "2018.07.25"]
[Round "1"]
[White "Keler, Faruk"]
[Black "Apaydin, Fethi"]
[Result "0-1"]
[ECO "E68"]
[WhiteElo "2286"]
[BlackElo "2353"]
[Annotator "NA"]
[PlyCount "124"]
[EventDate "2018.07.25"]
[EventType "team-tourn"]
[EventCountry "TUR"]
[SourceTitle "playchess.com"]
[Source "ChessBase"]
[SourceQuality "1"]
[TimeControl "40/5400+30:1800+30"]

1. d4 Nf6 2. Nf3 g6 3. g3 Bg7 4. Bg2 O-O 5. O-O d6 6. b3 Nbd7 7. Bb2 Re8 8. c4 c6 9. Nc3 e5 10. e4 exd4 11. Nxd4 Nc5 12. Qc2 a5 13. Rad1 Qb6 14. Nde2 a4 15. Nxa4 Nxa4 16. bxa4 Qb4 17. Nc3 Be6 18. Qb3 Qxc4 19. Qxc4 Bxc4 20. Rfe1 d5 21. exd5 Rxe1+ 22. Rxe1 Nxd5 23. Nxd5 cxd5 24. Bxg7 Kxg7 25. Rd1 Ra5 26. Rd2 Kf6 27. f4 h5 28. Rb2 Rxa4 29. Rb6+ Kg7 30. Rxb7 Rxa2 31. Bh3 Re2 32. Rb1 Bd3 33. Rb7 Bc4 34. Rb1 Rd2 35. Rb4 Rd1+ 36. Kf2 Rd2+ 37. Kg1 Ba2 38. Bf1 Kf6 39. Bh3 d4 40. Rb6+ Ke7 41. f5 gxf5 42. Bxf5 Bd5 43. Bh3 Rd1+ 44. Kf2 Rh1 45. Bf1 Rxh2+ 46. Ke1 h4 47. gxh4 Rxh4 48. Kd2 Be4 49. Rb4 Bg6 50. Be2 Kd6 51. Ra4 Ke5 52. Ra5+ Kf4 53. Ra4 Kg3 54. Ra3+ d3 55. Bd1 Kf2 56. Ra6 Rf4 57. Rd6 Be4 58. Bb3 f5 59. Bc4 Rf3 60. Bb3 Re3 61. Bd1 Re2+ 62. Kc1 Ke3 0-1

[Event "TUR-chT Superleague 2018"]
[Site "Ankara"]
[Date "2018.07.25"]
[Round "1"]
[White "Tasdogen, Dincer"]
[Black "Kilic, Gokturk Kagan"]
[Result "1-0"]
[ECO "B42"]
[WhiteElo "2280"]
[BlackElo "1931"]
[Annotator "NA"]
[PlyCount "91"]
[EventDate "2018.07.25"]
[EventType "team-tourn"]
[EventCountry "TUR"]
[SourceTitle "playchess.com"]
[Source "ChessBase"]
[SourceQuality "1"]
[TimeControl "40/5400+30:1800+30"]

1. e4 c5 2. Nf3 e6 3. d4 cxd4 4. Nxd4 a6 5. Bd3 Nf6 6. O-O Qc7 7. Qe2 Nc6 8. Nxc6 dxc6 9. e5 Nd7 10. Bf4 Be7 11. Re1 b5 12. Nd2 Nc5 13. Ne4 Nxe4 14. Bxe4 Bb7 15. a4 Rb8 16. Qf3 b4 17. Rad1 c5 18. Bxb7 Qxb7 19. Qg4 g6 20. Bg5 Bxg5 21. Qxg5 O-O 22. Qf6 Rfe8 23. Rd6 a5 24. h4 Qe7 25. Qxe7 Rxe7 26. Ra6 Rd7 27. Rxa5 Rd2 28. Rxc5 b3 29. Rc1 bxc2 30. R5xc2 Rxb2 31. Rxd2 Rxd2 32. Ra1 Rd8 33. a5 Ra8 34. a6 Ra7 35. Kf1 Kf8 36. Ke2 Ke7 37. Kd3 Kd7 38. Kc4 Kc6 39. Rd1 Rxa6 40. Rd6+ Kb7 41. Rxa6 Kxa6 42. Kc5 Ka5 43. Kd6 Kb6 44. Ke7 Kc6 45. Kxf7 Kd5 46. f4 1-0

[Event "TUR-chT Superleague 2018"]
[Site "Ankara"]
[Date "2018.07.25"]
[Round "1"]
[White "Isik, Alparslan"]
[Black "Kara, Yanki"]
[Result "1-0"]
[ECO "D37"]
[WhiteElo "2212"]
[BlackElo "2120"]
[Annotator "NA"]
[PlyCount "73"]
[EventDate "2018.07.25"]
[EventType "team-tourn"]
[EventCountry "TUR"]
[SourceTitle "playchess.com"]
[Source "ChessBase"]
[SourceQuality "1"]
[TimeControl "40/5400+30:1800+30"]

1. d4 Nf6 2. c4 e6 3. Nf3 d5 4. Nc3 Be7 5. Bf4 O-O 6. e3 b6 7. Bd3 Bb7 8. cxd5 exd5 9. O-O a6 10. Rc1 Nbd7 11. Ne5 c5 12. Qf3 Rc8 13. Bf5 g6 14. Bh3 Kg7 15. Bxd7 Nxd7 16. Qh3 Nxe5 17. Bh6+ Kg8 18. Bxf8 Bxf8 19. dxe5 Bg7 20. Rfd1 d4 21. exd4 cxd4 22. e6 f5 23. Ne2 Rxc1 24. Nxc1 Bd5 25. Re1 Qe7 26. Qg3 Bf8 27. Qe5 Ba8 28. Qxd4 Qg5 29. g3 Bc5 30. Qf4 Qd8 31. Qc4 Qe7 32. Qxa6 Bb7 33. Qb5 f4 34. Nd3 fxg3 35. hxg3 Qg5 36. Nxc5 Qh5 37. Qe8+ 1-0

[Event "TUR-chT Superleague 2018"]
[Site "Ankara"]
[Date "2018.07.25"]
[Round "1"]
[White "Eren, Ataberk"]
[Black "Yaran, Siar"]
[Result "0-1"]
[ECO "D56"]
[WhiteElo "2195"]
[BlackElo "2261"]
[Annotator "NA"]
[PlyCount "118"]
[EventDate "2018.07.25"]
[EventType "team-tourn"]
[EventCountry "TUR"]
[SourceTitle "playchess.com"]
[Source "ChessBase"]
[SourceQuality "1"]
[TimeControl "40/5400+30:1800+30"]

1. d4 d5 2. c4 e6 3. Nc3 Nf6 4. Bg5 Be7 5. e3 h6 6. Bh4 O-O 7. Nf3 Ne4 8. Bxe7 Qxe7 9. Qc2 Nxc3 10. Qxc3 c6 11. Bd3 dxc4 12. Bxc4 b6 13. O-O Bb7 14. Rac1 Nd7 15. Be2 Rfc8 16. Rfd1 c5 17. dxc5 Nxc5 18. Qa3 Rc7 19. b4 Ne4 20. Rxc7 Qxc7 21. Rc1 Qe7 22. Qb2 Rd8 23. a3 Qf6 24. Qxf6 Nxf6 25. h3 Rc8 26. Rxc8+ Bxc8 27. Nd4 Bd7 28. f4 Kf8 29. Bf3 Ne8 30. Be2 Nd6 31. Bd3 Ke7 32. e4 f6 33. Kf2 e5 34. Ne2 Bc6 35. fxe5 fxe5 36. Ke3 Kf6 37. g3 Bd7 38. h4 g5 39. Kf3 Bb5 40. Ke3 Bxd3 41. Kxd3 Kg6 42. Ng1 gxh4 43. gxh4 b5 44. Nf3 Nf7 45. Ne1 Kh5 46. Ng2 Kg4 47. Ke2 Kg3 48. Ne3 Kxh4 49. Kf2 Nd6 50. Kf3 Kg5 51. Nd5 Nc4 52. Ne7 a5 53. Nc6 a4 54. Kg3 Kf6 55. Na7 Nxa3 56. Kg4 Nb1 57. Nxb5 a3 58. Nxa3 Nxa3 59. Kh5 Kg7 0-1

[Event "TUR-chT Superleague 2018"]
[Site "Ankara"]
[Date "2018.07.25"]
[Round "1"]
[White "Kamer, Kayra"]
[Black "Can, Isik"]
[Result "1/2-1/2"]
[ECO "B18"]
[WhiteElo "2181"]
[BlackElo "2385"]
[Annotator "NA"]
[PlyCount "53"]
[EventDate "2018.07.25"]
[EventType "team-tourn"]
[EventCountry "TUR"]
[SourceTitle "playchess.com"]
[Source "ChessBase"]
[SourceQuality "1"]
[TimeControl "40/5400+30:1800+30"]

1. e4 c6 2. d4 d5 3. Nc3 dxe4 4. Nxe4 Bf5 5. Nc5 Nd7 6. Bd3 e6 7. Nxb7 Qc7 8. Bxf5 exf5 9. Qe2+ Be7 10. Nc5 Nxc5 11. dxc5 Nf6 12. Nf3 O-O 13. O-O Bxc5 14. Qe5 Qxe5 15. Nxe5 Rfe8 16. Nd3 Bb6 17. Bf4 Re2 18. c4 Rd8 19. Rad1 Bd4 20. Rfe1 Rc2 21. Rc1 Rxc1 22. Bxc1 Bb6 23. Ne5 Re8 24. Nd3 Rd8 25. Ne5 Re8 26. Nd3 Rd8 27. Ne5 1/2-1/2

[Event "TUR-chT Superleague 2018"]
[Site "Ankara"]
[Date "2018.07.25"]
[Round "1"]
[White "Ererdem, Gani Eren"]
[Black "Gok, Fatih"]
[Result "0-1"]
[ECO "B14"]
[WhiteElo "2157"]
[BlackElo "1952"]
[Annotator "NA"]
[PlyCount "110"]
[EventDate "2018.07.25"]
[EventType "team-tourn"]
[EventCountry "TUR"]
[SourceTitle "playchess.com"]
[Source "ChessBase"]
[SourceQuality "1"]
[TimeControl "40/5400+30:1800+30"]

1. d4 Nf6 2. Nf3 e6 3. c4 c5 4. e3 cxd4 5. exd4 d5 6. Nc3 Be7 7. cxd5 exd5 8. h3 Nc6 9. Bd3 O-O 10. O-O Re8 11. Re1 Be6 12. a3 Rc8 13. Bc2 Bf8 14. Bg5 g6 15. Ne5 Bg7 16. Nxc6 bxc6 17. Na4 h6 18. Bf4 Nd7 19. Qd2 Qh4 20. Rad1 Kh7 21. Bg3 Qd8 22. Nc3 Qb6 23. Ne2 Nf6 24. Be5 Bd7 25. Nf4 Kg8 26. b4 Ra8 27. Kh1 a5 28. f3 axb4 29. axb4 Nh7 30. Bxg7 Kxg7 31. Qc3 Rab8 32. Rxe8 Bxe8 33. Nd3 Ng5 34. Rb1 Bd7 35. Nc5 Bc8 36. Qd2 Ne6 37. Qe3 Qc7 38. Bd3 Qg3 39. Nxe6+ Bxe6 40. Qe5+ Qxe5 41. dxe5 f6 42. Rc1 Rb6 43. exf6+ Kxf6 44. Rc5 Bf5 45. Be2 Ke5 46. b5 cxb5 47. Rxb5 Rxb5 48. Bxb5 Kf4 49. Kg1 Ke3 50. g4 Bc2 51. Kg2 g5 52. Kg3 d4 53. h4 d3 54. Bxd3 Bxd3 55. hxg5 hxg5 0-1

[Event "TUR-chT Superleague 2018"]
[Site "Ankara"]
[Date "2018.07.25"]
[Round "1"]
[White "Ozbay, Ece"]
[Black "Sade, Defne"]
[Result "1-0"]
[ECO "C47"]
[WhiteElo "2140"]
[BlackElo "1954"]
[Annotator "NA"]
[PlyCount "91"]
[EventDate "2018.07.25"]
[EventType "team-tourn"]
[EventCountry "TUR"]
[SourceTitle "playchess.com"]
[Source "ChessBase"]
[SourceQuality "1"]
[TimeControl "40/5400+30:1800+30"]

1. e4 e5 2. Nf3 Nc6 3. Nc3 Nf6 4. d4 exd4 5. Nxd4 Bb4 6. Nxc6 bxc6 7. Bd3 d5 8. exd5 cxd5 9. O-O O-O 10. Bg5 c6 11. Qf3 Rb8 12. Na4 Be6 13. c3 Be7 14. Bc2 h6 15. Bh4 Ng4 16. Bg3 Bd6 17. Rae1 Nf6 18. Bh4 Re8 19. b4 Rb7 20. Kh1 g5 21. Bg3 Kg7 22. Qd3 Rbe7 23. Qd4 Bc8 24. Rxe7 Qxe7 25. f4 gxf4 26. Bxf4 Bxf4 27. Qxf4 Qe5 28. Qf2 Ba6 29. Rc1 Ng4 30. Qg3 Qxg3 31. hxg3 Re2 32. Nc5 Bc4 33. Bb3 Ne3 34. Bxc4 Nxc4 35. a4 Ne3 36. Nb3 Ra2 37. a5 Rb2 38. Nd4 Nc4 39. Nxc6 a6 40. Nb8 Nd6 41. Nxa6 Ne4 42. Kh2 Rb3 43. Nc7 Nxc3 44. a6 Na2 45. Ra1 d4 46. Rxa2 1-0

[Event "TUR-chT Superleague 2018"]
[Site "Ankara"]
[Date "2018.07.25"]
[Round "1"]
[White "Bozbey, Ali"]
[Black "Gulbeyaz, Emir"]
[Result "1/2-1/2"]
[ECO "B25"]
[WhiteElo "2126"]
[BlackElo "2074"]
[Annotator "NA"]
[PlyCount "60"]
[EventDate "2018.07.25"]
[EventType "team-tourn"]
[EventCountry "TUR"]
[SourceTitle "playchess.com"]
[Source "ChessBase"]
[SourceQuality "1"]
[TimeControl "40/5400+30:1800+30"]

1. e4 c5 2. Nc3 Nc6 3. g3 g6 4. Bg2 Bg7 5. d3 d6 6. f4 e6 7. Nf3 Nge7 8. O-O O-O 9. Be3 b6 10. e5 d5 11. Bf2 Rb8 12. Qe1 f6 13. exf6 Bxf6 14. Qd2 Nf5 15. Rae1 Bd7 16. g4 Nfd4 17. Nxd4 Bxd4 18. Nd1 Qh4 19. h3 Qh6 20. c3 Bxf2+ 21. Qxf2 e5 22. Bxd5+ Kh8 23. Qg2 Ne7 24. fxe5 Nxd5 25. Qxd5 Qxh3 26. Qxd7 Qg3+ 27. Kh1 Qh3+ 28. Kg1 Qg3+ 29. Kh1 Qh3+ 30. Kg1 Qg3+ 1/2-1/2